 Dungeon Crawl Stone Soup version 0.30-a0-840-ga523dec638 (webtiles) character file.

Game seed: 18021078513339469999

149 Esekla the Sneak (level 5, -5/37 HPs)
             Began as an Octopode Delver on Mar 1, 2023.
             Was an Initiate of Gozag.
             Slain by a gnoll
             ... wielding a +0 spear
              (10 damage)
             ... on level 2 of the Dungeon.
             The game lasted 00:11:57 (1714 turns).

Esekla the Sneak (Octopode Delver)                  Turns: 1714, Time: 00:11:58

Health: -5/37      AC:  1    Str: 11    XL:     5   Next: 31%
Magic:  7/7        EV: 13    Int: 15    God:    Gozag
Gold:   318        SH:  0    Dex: 13    Spells: 4/7 levels left

rFire   . . .      SeeInvis .    a - +0 falchion
rCold   . . .      Faith    .    (no shield)
rNeg    . . .      Spirit   .    (helmet restricted)
rPois   .          Reflect  .    (no amulet)
rElec   .          Harm     .    (no ring)
rCorr   .          Rampage  .    (no ring)
Will    .....                    (no ring)
Stlth   +++++                    (no ring)
HPRegen 0.26/turn                (no ring)
MPRegen 0.10/turn                (no ring)
                                 (no ring)
                                 (no ring)

@: mighty, gold aura
A: almost no armour, amphibious, 8 rings, camouflage 1, gelatinous body 1,
(nimble swimmer 1), tentacles
a: Renounce Religion, Potion Petition, Call Merchant, Bribe Branch


You were on level 2 of the Dungeon.
You worshipped Gozag.
Gozag was aware of your devotion.
You visited 2 branches of the dungeon, and saw 6 of its levels.

You collected 337 gold pieces.
You paid 19 gold pieces to Gozag.

Inventory:

Hand Weapons
 a - a +0 falchion (weapon)
 s - a +0 dagger
Missiles
 n - 2 poisoned darts (quivered)
Wands
 f - a wand of digging (2)
Scrolls
 b - a scroll of fog
 d - 2 scrolls of teleportation {unknown}
 e - a scroll of magic mapping
 j - a scroll of amnesia {unknown}
 m - a scroll of identify {unknown}
Potions
 c - a potion of resistance {unknown}
 g - 2 potions of might
 h - a potion of brilliance {unknown}
 i - a potion of curing
 k - a potion of cancellation {unknown}
 l - a potion of lignification {unknown}


   Skills:
 * Level 3.7 Fighting
 + Level 0.2(1.6) Short Blades
 * Level 2.7(2.8) Long Blades
 * Level 2.5 Dodging
 + Level 7.7 Stealth
 * Level 1.6 Spellcasting
 * Level 0.2 Ice Magic


You had 4 spell levels left.
You knew the following spells:

 Your Spells              Type           Power      Damage    Failure   Level
a - Ozocubu's Armour      Ice            1%         N/A       54%         3

Your spell library contained the following spells:

 Spells                   Type           Power      Damage    Failure   Level
 Dazzling Flash           Conj/Hex       2%         N/A       56%         3
 Stone Arrow              Conj/Erth      2%         3d7       56%         3
 Metabolic Englaciation   Hex/Ice        0%         N/A       99%         5
 Agony                    Necr           1%         N/A       100%        5
 Silence                  Hex/Air        0%         N/A       100%        5
 Lehudib's Crystal Spear  Conj/Erth      0%         10d2      100%        8
 Animate Armour           Summ/Erth      Unusable   N/A       N/A         4
 Simulacrum               Ice/Necr       Unusable   N/A       N/A         6

Dungeon Overview and Level Annotations

Branches:
Dungeon (5/15)             Temple (1/1) D:5

Altars:
Gozag


Innate Abilities, Weirdness & Mutations

You cannot wear most types of armour.
You are amphibious.
You can wear up to eight rings at the same time.
Your skin changes colour to match your surroundings (Stealth+).
Your rubbery body absorbs attacks. (AC +1, EV +1)
((You are camouflaged when in or above water. (Stealth+)))
You have tentacles for arms and can constrict up to eight enemies at once.


Message History

The adder attacks as you move away! The adder bites you.
Okay, then.
Okay, then.
Okay, then.
It was a potion of might.
You feel very mighty all of a sudden. The gnoll barely misses you.
You closely miss the gnoll. You grab the gnoll.
The gnoll is heavily wounded.
You constrict the gnoll.
The gnoll drinks a potion.
The gnoll is healed!
Okay, then.
You hit the gnoll.
The gnoll is lightly wounded.
You constrict the gnoll. The gnoll misses you. The gnoll closely misses you.
You slash the gnoll!
You kill the gnoll!
The adder bites you.
You are poisoned.
The adder poisons you!
You miss the adder. Your grab misses the adder. Your squeeze misses the adder.
You feel sick. The adder barely misses you.
You barely miss the adder. Your grab misses the adder.
You feel sick. The adder closely misses you. The adder bites you.
* * * LOW HITPOINT WARNING * * *
You are more poisoned.
The adder poisons you!
It was a potion of curing.
You feel better. The adder bites you.
You slash the adder!
You kill the adder!
You closely miss the gnoll. You grab the gnoll. You constrict the gnoll.
The gnoll barely misses you.
The gnoll hits you from afar with a +0 spear.
* * * LOW HITPOINT WARNING * * *
You slash the gnoll! You squeeze the gnoll.
You kill the gnoll!
The gnoll hits you from afar with a +0 spear.
* * * LOW HITPOINT WARNING * * *
The gnoll hits you from afar with a +0 spear!
You die...
Your body crumbles into a pile of gold.

## .. .# .## #.
.# #.########
#.#.# #.##.....#
...# ..##.....#
#.###..#
.........#
#......#
.###.....#
#####g## .#
#....<# #$# .#
####### ##@#
<##### #..#
.....# #.##
####.# ##### #.#
####.###...# #.#
#..........####.#
#.##.###........#
..##.# ##########
.....#


You could see a gnoll.

Vanquished Creatures
  A howler monkey (D:5)
  2 gnolls (D:2)
  6 adders
  A dart slug (D:2)
  3 ball pythons
  5 bats
  7 endoplasms
  2 giant cockroaches
  3 goblins
  2 hobgoblins (D:1)
  4 quokkas
  5 frilled lizards
  3 kobolds
  4 rats
48 creatures vanquished.

Notes
Turn   | Place    | Note
-------+----------+-------------------------------------------
     0 | D:5      | Esekla the Octopode Delver began the quest for the Orb.
     0 | D:5      | Reached XP level 1. HP: 16/16 MP: 1/1
    21 | D:5      | Noticed an orc priest
    21 | D:5      | Noticed an orc wizard
    22 | D:5      | Noticed a scorpion
    49 | D:5      | Found a staircase to the Ecumenical Temple.
    58 | Temple   | Entered the Ecumenical Temple
   129 | D:5      | Noticed an ogre
   177 | D:5      | Reached XP level 2. HP: 21/21 MP: 2/2
   220 | Temple   | Became a worshipper of Gozag Ym Sagoz the Greedy
   314 | D:5      | Noticed a howler monkey
   320 | D:5      | Killed a howler monkey
   321 | D:5      | Reached skill level 7 in Stealth
   321 | D:5      | Reached XP level 3. HP: 9/26 MP: 2/4
   362 | D:3      | Reached XP level 4. HP: 19/31 MP: 5/5
   406 | D:3      | Reached skill level 1 in Spellcasting
  1021 | D:1      | Reached XP level 5. HP: 37/37 MP: 7/7
  1146 | D:1      | Found a faded altar of an unknown god.
  1191 | D:1      | Learned a level 3 spell: Ozocubu's Armour
  1714 | D:2      | Slain by a gnoll

Illustrated notes

Levels and vault maps discovered:
D:1:      minmay_arrival_stair_chambers, layout_basic,
          shapermc_ecumenical_altar_pompeii, minmay_misc_feat_ornament,
          skrybe_limestone_x
D:2:      layout_loops_cross
D:3:      layout_loops_ring
D:4:      layout_loops_ring, minitemple, uniq_pargi
D:5:      cheibrodos_two_vegetables, layout_basic, minmay_temple_entry_mist,
          minmay_puff, uniq_sigmund
Temple:   dshaligram_water_room_temple

Skill      XL: |  1  2  3  4 |
---------------+-------------+-----
Stealth        | 7 |  7.7
Spellcasting   | 1 |  1.6
Fighting       | |  3.7
Short Blades   | |  0.2
Long Blades    | |  2.7
Dodging        | |  2.5
Ice Magic      | |  0.2

Action                     |  1- 3 |  4- 6 || total
---------------------------+-------+-------++-------
  Melee: Falchion          |    11 |    57 ||    68
         Constrict         |     3 |    16 ||    19
         Tentacles         |     1 |    17 ||    18
         Dagger            |       |    23 ||    23
  Evoke: Wand              |     1 |       ||     1
    Use: Scroll            |     2 |       ||     2
         Potion            |     1 |     2 ||     3
   Stab: Sleeping          |     2 |    20 ||    22
         Distracted        |       |     1 ||     1
 Armour: Skin              |       |     5 ||     5
  Dodge: Dodged            |     6 |    33 ||    39

Table legend: (Time is in decaauts)
 A = Elapsed time spent in this place.
 B = Non-inter-level travel time spent in this place.
 C = Inter-level travel time spent in this place.
 D = Time resting spent in this place.
 E = Time spent auto-exploring this place.
 F = Levels seen in this place.
 G = Mean time per level.
                   A        B        C        D        E       F      G
               +--------+--------+--------+--------+--------+-----+--------+
         Total |   1700 |   1634 |     66 |    147 |    283 |   6 |  283.3 |
       Dungeon |   1685 |   1625 |     60 |    147 |    283 |   5 |  337.0 |
        Temple |     15 |      9 |      6 |      0 |      0 |   1 |   15.0 |
               +--------+--------+--------+--------+--------+-----+--------+

Top non-repeatable levels by time:
     D:1: 710 daAuts
     D:2: 480 daAuts
     D:5: 313 daAuts
     D:3: 163 daAuts
     D:4: 18 daAuts
  Temple: 15 daAuts
